Cogmind - Beta 14 @@@ ROGUE MODE // 2024.08.12 @ 09:59:35 Player: Compilatron Result: Destroyed by H-55 Commando with Gauss Rifle Performance ------------- Evolutions (3) 1500 Regions Visited (5) 1000 Robots Destroyed (64) 320 Value Destroyed (1876) 1876 Prototype IDs (2) 40 Alien Tech Used (0) 0 Bonus (0) 0 TOTAL SCORE: 4736 Bonus ------- None Cogmind --------- Core Integrity 0/700 Matter 224/300 Energy 82/100 System Corruption 6% Temperature Cool (0) Movement Core (700) Ox13 Location -7/Factory Parts ------- > --- POWER (1) -------- (None) > --- PROPULSION (4) --- (None) > --- UTILITY (6) ------ High-capacity Storage Unit Advanced Visual Processing Unit > --- WEAPON (2) ------- (None) > --- INVENTORY (20) --- Light Treads Improved Heat Sink Improved Heat Sink Improved Heat Sink Coolant Injector Large Storage Unit Compact Matter Pod (150) Structural Scanner Advanced Targeting Computer Target Analyzer Improved Weapon Cycler Transmission Jammer Reaction Control System Hacking Suite Hacking Suite Peak State ------------ > --- POWER ------------ Heavy Deuterium Engine > --- PROPULSION ------- Carbon-fiber Leg Improved Titanium Leg Improved Titanium Leg Improved Titanium Leg > --- UTILITY ---------- High-capacity Storage Unit Advanced Visual Processing Unit Improved Sensor Array Improved Signal Interpreter Hacking Suite System Shield > --- WEAPON ----------- High-powered Shotgun Gauss Rifle > --- INVENTORY -------- Advanced Treads Carbon-fiber Leg Armored Wheel Improved Heat Sink Improved Heat Sink Coolant Injector Large Storage Unit Compact Matter Pod Structural Scanner Improved Sensor Array Advanced Targeting Computer Improved Weapon Cycler Reaction Control System Hacking Suite Hacking Suite Hacking Suite Pulse Rifle Gatling Laser Improved Grenade Launcher Improved Grenade Launcher [Rating: 49] Favorites ----------- Power Ion Engine Engine Ion Engine Power Core Light Nuclear Core Propulsion Light Treads Treads Light Treads Leg Improved Titanium Leg Wheel Armored Wheel Hover Unit Backup Propulsion I Utility Hacking Suite Device Improved Sensor Array Storage High-capacity Storage Unit Processor Signal Interpreter Hackware Hacking Suite Weapon Gauss Rifle Energy Gun Spread Laser Ballistic Gun Gauss Rifle Launcher Grenade Launcher Build | -11 -10 -10 -9 -8 -7 ------- Run | Yrd Mat Min Mat Mat Fac Slots Evolved 6 | . . . 2 2 2 Power . | . . . . . . Propulsion 2 | . . . 2 . . Utility 4 | . . . . 2 2 Weapon . | . . . . . . Parts Attached 72 | 3 8 1 16 22 22 Power 9 | . . . 2 5 2 Engine 7 | . . . 2 3 2 Core 2 | . . . . 2 . Reactor . | . . . . . . Propulsion 31 | 2 4 . 11 6 8 Treads 17 | 2 4 . 8 1 2 Leg 10 | . . . . 5 5 Wheel 4 | . . . 3 . 1 Hover . | . . . . . . Flight . | . . . . . . Utility 12 | . 3 . . 4 5 Device 5 | . 1 . . . 4 Storage 2 | . 1 . . 1 . Processor 3 | . 1 . . 1 1 Hackware 2 | . . . . 2 . Protection . | . . . . . . Artifact . | . . . . . . Weapon 20 | 1 1 1 3 7 7 Energy Gun 6 | 1 . . 2 1 2 Energy Cannon . | . . . . . . Ballistic Gun 11 | . 1 . 1 6 3 Ballistic Cannon . | . . . . . . Launcher 3 | . . 1 . . 2 Special Weapon . | . . . . . . Impact Weapon . | . . . . . . Slashing Weapon . | . . . . . . Piercing Weapon . | . . . . . . Special Melee Weapon . | . . . . . . Unidentified Prototypes 2 | . . . 1 . 1 Parts Lost 30 | . . . . 6 24 Power 5 | . . . . 3 2 Propulsion 11 | . . . . 1 10 Utility 4 | . . . . . 4 Weapon 10 | . . . . 2 8 Highest Loss Streak 14 | . . . . 3 14 To Critical Strikes . | . . . . . . Average Slot Usage (%) 94 | . 94 100 98 95 91 Engine 7 | . 14 14 11 7 2 Treads 17 | . 27 28 34 19 . Leg 12 | . . . . 16 23 Wheel 3 | . . . 7 . 3 Device 2 | . 2 . . . 6 Storage 9 | . 14 14 11 9 7 Processor 11 | . 10 14 11 9 14 Hackware 8 | . . . . 14 14 Energy Gun 6 | . 14 . 9 6 3 Ballistic Gun 10 | . 9 14 11 11 10 Peak Build Rating 49 | 6 7 7 19 41 49 Average Rating 25 | 6 6 7 13 30 38 On Entrance 13 | 6 6 7 7 17 39 Naked Turns . | . . . . . . Heaviest Build 92 | 13 88 89 91 92 53 Greatest Support 88 | 40 40 40 86 88 75 Greatest Overweight (x) 8 | . 4 2 8 1 4 Average Overweight (x) 1 | . . 2 2 . 1 Largest Inventory Capacity 25 | 8 25 25 25 25 20 Average Capacity 20 | 8 9 25 25 22 20 Most Carried 25 | 6 8 9 24 25 20 Average Carried 16 | 6 7 8 16 20 18 Final Capacity 25 | 8 25 25 25 20 20 Final Carried 24 | 6 8 9 24 17 15 Class Distribution -------------------- 50% | Mutant 19% | Scavenger-Skirmisher 16% | Hacker-Mutant 9% | Hacker-Skirmisher 4% | Scavenger-Mutant Dominant Class ---------------- Mutant | -10/Materials Mutant | -10/Mines Mutant | -9/Materials Hacker-Mutant | -8/Materials Scavenger-Skirmisher | -7/Factory Resources | -11 -10 -10 -9 -8 -7 ----------- Run | Yrd Mat Min Mat Mat Fac Matter Collected 1922 | 190 73 168 178 630 683 Remotely . | . . . . . . Salvage Created 2220 | . 73 73 448 773 853 Parts 145 | . 9 4 25 57 50 Haulers Intercepted 2 | . . . . 1 1 Recyclers Shooed 3 | . . . . 1 2 Parts Field Recycled . | . . . . . . Retrieved Matter . | . . . . . . Parts Self-Destructed . | . . . . . . Prevented . | . . . . . . Kills | -11 -10 -10 -9 -8 -7 ------- Run | Yrd Mat Min Mat Mat Fac Combat Hostiles Destroyed 45 | . 1 6 5 15 18 Guns 39 | . 1 . 5 15 18 AOE 6 | . . 6 . . . Classes Destroyed 12 | . 2 3 2 4 1 Worker 2 | . . . . 1 1 Builder 5 | . 1 . . 2 2 Hauler 2 | . . . . 1 1 Recycler 6 | . . 1 2 1 2 Watcher 9 | . . . 4 4 1 Swarmer 13 | . . . . 7 6 Grunt 12 | . 1 . . 6 5 Sentry 7 | . . . 5 1 1 Demolisher 1 | . . 1 . . . Hunter 2 | . . . . 1 1 Programmer 5 | . . . . . 5 Assembled 5 | . . 5 . . . Best Kill Streak 7 | . 2 7 3 6 5 Combat Bots Only 6 | . 1 6 1 4 5 Max Kills in Single Turn 3 | . 1 3 1 2 2 Gunslinging 1 | . . . . 1 1 Exploded 3 | . . 3 . . . Melee . | . . . . . . Uniques/NPCs Destroyed . | . . . . . . Combat | -11 -10 -10 -9 -8 -7 -------- Run | Yrd Mat Min Mat Mat Fac Hostile Shots Fired 482 | . 5 13 32 190 242 Missed 156 | . 1 4 12 52 87 Damage Taken 5198 | . 79 325 283 2018 2493 Core 1233 | . 35 88 14 384 712 Absorbed by Shields . | . . . . . . Regen/Repaired (Parts) 182 | . . . 182 . . Core Remaining (%) 69 | 100 . 50 96 30 . Volleys Fired 184 | . 8 10 24 79 63 Largest 2 | . 2 2 2 2 2 Hottest 108 | . 70 50 88 108 108 Shots Fired 345 | . 16 19 44 151 115 Gun 332 | . 16 10 43 151 112 Cannon . | . . . . . . Launcher 13 | . . 9 1 . 3 Special . | . . . . . . Kinetic 234 | . 8 10 24 115 77 Thermal 98 | . 8 . 19 36 35 Explosive 13 | . . 9 1 . 3 Electromagnetic . | . . . . . . Robot Hit Streak 17 | . 4 7 11 6 17 Robot Miss Streak 8 | . 2 3 6 8 6 Penetration Max 1 | . . . . 1 . Secondary Targets 9 | . . . . 5 4 Max Gunslinging Chain 1 | . . . . 1 1 Shots Hit Robots 234 | . 9 11 34 93 87 Core Hits 170 | . 5 18 24 61 62 Critical Kills 1 | . . . . . 1 Critical Parts Destroyed . | . . . . . . Critical Strikes 3 | . 2 . . . 1 Burn 2 | . 2 . . . . Destroy 1 | . . . . . 1 Melee Attacks . | . . . . . . Impact . | . . . . . . Slashing . | . . . . . . Piercing . | . . . . . . Sneak Attacks . | . . . . . . Combat Hostiles . | . . . . . . Follow-up Attacks . | . . . . . . Damage Inflicted 5205 | . 120 391 444 1908 2342 Guns 4113 | . 105 35 409 1750 1814 Cannons . | . . . . . . Explosions 1075 | . . 356 35 156 528 Melee . | . . . . . . Ramming 17 | . 15 . . 2 . Kinetic 2645 | . 44 35 195 1315 1056 Thermal 1468 | . 61 . 214 435 758 Explosive 1075 | . . 356 35 156 528 Electromagnetic . | . . . . . . Impact . | . . . . . . Slashing . | . . . . . . Piercing . | . . . . . . Highest Corruption 6 | . 1 1 . . 6 Average Corruption 3 | . 1 1 . . 3 Corruption Purged 5 | . . . . . 5 Corruption Blocked . | . . . . . . Effects 30 | . 2 . . . 28 Message Errors 7 | . . . . . 7 Matter Fused 9 | . 1 . . . 8 Heat Flow Errors 4 | . . . . . 4 Energy Discharges 2 | . . . . . 2 Parts Fused 1 | . 1 . . . . Data Loss (minor) 2 | . . . . . 2 Data Loss (major) 1 | . . . . . 1 Misfires 3 | . . . . . 3 Alerts 1 | . . . . . 1 Overload Shots . | . . . . . . Overflow Damage 43 | . . 7 . 3 33 Projectiles . | . . . . . . Explosions 43 | . . 7 . 3 33 Melee . | . . . . . . Knockbacks . | . . . . . . Impact . | . . . . . . Kinetic . | . . . . . . Secondary . | . . . . . . Self-Inflicted Damage 212 | . . 40 . 116 56 Shots 7 | . . 2 . 2 3 Rammed 2 | . 1 1 . . . Targets Rammed 3 | . 1 1 . 1 . Kicked 1 | . . . . 1 . Crushed . | . . . . . . Highest Temperature 437 | . 98 20 140 437 269 Average Temperature 76 | . 38 9 36 116 59 Received Heat Transfer 819 | . 24 . 108 504 183 Effects 7 | . . . . 7 . Shutdowns 2 | . . . . 2 . Interference 3 | . . . . 3 . Matter Decay 1 | . . . . 1 . Short Circuit 1 | . . . . 1 . Siege Activations . | . . . . . . Robots Corrupted . | . . . . . . Combat Hostiles . | . . . . . . Parts Fried . | . . . . . . Impact Corruptions . | . . . . . . Robots Melted . | . . . . . . Combat Hostiles . | . . . . . . Parts Melted 1 | . . . . . 1 Heat Transferred 3305 | . 333 . 485 825 1662 Parts Sabotaged . | . . . . . . Parts Stolen . | . . . . . . Parts Stripped . | . . . . . . Power Chain Reactions . | . . . . . . Alert | -11 -10 -10 -9 -8 -7 ------- Run | Yrd Mat Min Mat Mat Fac Peak Influence 345 | . 29 67 176 345 170 Initial 100 | . . 10 26 18 100 Average 70 | . 10 59 48 96 88 Maximum Alert Level 1 | . . . . 1 . Low Security (%) 95 | 100 100 100 100 81 100 Level 1 4 | . . . . 18 . Level 2 . | . . . . . . Level 3 . | . . . . . . Level 4 . | . . . . . . Level 5 . | . . . . . . High Security . | . . . . . . Max Security . | . . . . . . Squads Dispatched 11 | . 1 . . 2 8 Investigation 1 | . . . . 1 . Extermination 5 | . . . . . 5 Reinforcement 4 | . 1 . . 1 2 Assault . | . . . . . . Garrison 1 | . . . . . 1 Intercept . | . . . . . . Searches Triggered . | . . . . . . Construction Impeded . | . . . . . . Haulers Reinforced 2 | . . . . . 2 Active Scanning Responses . | . . . . . . Cargo Convoy Interrupts 1 | . . . . . 1 Stealth | -11 -10 -10 -9 -8 -7 --------- Run | Yrd Mat Min Mat Mat Fac Distress Signals 3 | . . . 1 1 1 Communications Jammed . | . . . . . . Distress Signals . | . . . . . . Times Spotted 100 | . 2 18 10 33 37 Peak Tracking Total 20 | . 1 20 2 5 11 Tactical Retreats 4 | . . 1 . 1 2 Traps | -11 -10 -10 -9 -8 -7 ------- Run | Yrd Mat Min Mat Mat Fac Traps Triggered 7 | . 4 . . 1 2 Indirectly . | . . . . . . Trap Hack Attempts . | . . . . . . Triggered . | . . . . . . Disarmed . | . . . . . . Reprogrammed . | . . . . . . Reused . | . . . . . . Traps Extracted . | . . . . . . Installed . | . . . . . . Triggered . | . . . . . . Machines | -11 -10 -10 -9 -8 -7 ---------- Run | Yrd Mat Min Mat Mat Fac Machines Disabled 5 | . . . . 5 . Max in Single Turn 4 | . . . . 4 . Garrison Access 1 | . . . . . 1 Machines Repaired . | . . . . . . Machines Dismantled . | . . . . . . Machines Sabotaged . | . . . . . . Overloaded Fab Kills . | . . . . . . Hacking | -11 -10 -10 -9 -8 -7 --------- Run | Yrd Mat Min Mat Mat Fac Machines Accessed 19 | . 6 . 4 4 5 Terminals 11 | . 3 . 2 4 2 Fabricators 1 | . . . . . 1 Repair Stations 3 | . 1 . 1 . 1 Recycling Units 3 | . 2 . 1 . . Scanalyzers . | . . . . . . Garrison Access 1 | . . . . . 1 Total Hacks 67 | . 15 . 17 22 13 Successful 34 | . 7 . 11 11 5 Failed 33 | . 8 . 6 11 8 Catastrophic 4 | . 1 . . 1 2 Database Lockouts . | . . . . . . Manual 31 | . 9 . 8 10 4 Terminals 45 | . 6 . 10 22 7 Fabricators 3 | . . . . . 3 Repair Stations 9 | . 3 . 5 . 1 Recycling Units 8 | . 6 . 2 . . Scanalyzers . | . . . . . . Garrison Access 2 | . . . . . 2 Terminal Hacks 11 | . . . 1 8 2 Recycling Unit Index 1 | . . . . 1 . Alert Level 2 | . . . . 2 . Locate Traps 2 | . . . 1 . 1 Recall Investigation 1 | . . . . 1 . Recall Extermination 1 | . . . . . 1 Hauler Manifests 2 | . . . . 2 . Registered Prototypes 1 | . . . . 1 . Zone Layout 1 | . . . . 1 . Fabricator Hacks 2 | . . . . . 2 Network Status 1 | . . . . . 1 Build 1 | . . . . . 1 Repair Station Hacks 5 | . 1 . 4 . . Scan Component 2 | . . . 2 . . Repair 2 | . . . 2 . . Refit 1 | . 1 . . . . Recycling Unit Hacks 1 | . 1 . . . . Retrieve Components 1 | . 1 . . . . Scanalyzer . | . . . . . . Garrison Access Hacks 1 | . . . . . 1 Seal Access 1 | . . . . . 1 Unauthorized Hacks 14 | . 5 . 6 3 . Terminals 11 | . 3 . 5 3 . Track 1 | . . . 1 . . Botnet 6 | . 2 . 2 2 . Operators 4 | . 1 . 2 1 . Fabricators . | . . . . . . Repair Stations . | . . . . . . Recycling Units 3 | . 2 . 1 . . Reject 3 | . 2 . 1 . . Scanalyzers . | . . . . . . Garrison Access . | . . . . . . Data Cores Recovered . | . . . . . . Used . | . . . . . . Hacking Detections 14 | . 4 . 3 4 3 Full Trace Events . | . . . . . . Feedback Events . | . . . . . . Feedback Blocked . | . . . . . . Robot Schematics Acquired . | . . . . . . Robots Built . | . . . . . . Authchips . | . . . . . . Time . | . . . . . . Total Robot Build Rating . | . . . . . . Part Schematics Acquired . | . . . . . . Parts Built 2 | . . . . . 2 Authchips . | . . . . . . Time 53 | . . . . . 53 Total Part Build Rating 12 | . . . . . 12 Parts Repaired 2 | . . . 2 . . Time 52 | . . . 52 . . Parts Recycled . | . . . . . . Recycled Matter . | . . . . . . Retrieved Matter . | . . . . . . Retrieved Components 3 | . 3 . . . . Parts Scanalyzed . | . . . . . . Part Schematics Acquired . | . . . . . . Parts Damaged . | . . . . . . Bothacking | -11 -10 -10 -9 -8 -7 ------------ Run | Yrd Mat Min Mat Mat Fac Used RIF Installer . | . . . . . . Robots Hacked . | . . . . . . Non-combat . | . . . . . . Combat . | . . . . . . Robot Hacks Applied . | . . . . . . Relay Couplers Released . | . . . . . . Fabnet Peak Effective % . | . . . . . . Robots Rewired . | . . . . . . Allies Hacked . | . . . . . . Hacks Repelled . | . . . . . . Allies | -11 -10 -10 -9 -8 -7 -------- Run | Yrd Mat Min Mat Mat Fac Total Allies . | . . . . . . Largest Group . | . . . . . . Highest-Rated Group . | . . . . . . Highest-Rated Ally . | . . . . . . Total Orders . | . . . . . . Ally Attacks . | . . . . . . Total Damage . | . . . . . . Kills . | . . . . . . Allies Corrupted . | . . . . . . Allies Melted . | . . . . . . Intel | -11 -10 -10 -9 -8 -7 ------- Run | Yrd Mat Min Mat Mat Fac Robot Analysis Total . | . . . . . . Derelict Logs Recovered . | . . . . . . Drone Launches . | . . . . . . Drone Recoveries . | . . . . . . Exploration | -11 -10 -10 -9 -8 -7 ------------- Run | Yrd Mat Min Mat Mat Fac Turns Passed 4963 | 7 574 142 1280 1245 1715 Spaces Moved 1947 | 1 306 35 494 487 624 Core 4 | . 4 . . . . Treads 916 | 1 302 35 359 216 3 Legs 631 | . . . . 271 360 Wheels 396 | . . . 135 . 261 Hover . | . . . . . . Flight . | . . . . . . Fastest Speed 123 | 160 160 320 135 127 123 Average Speed 173 | 160 167 320 221 166 136 Slowest Speed 320 | 160 320 320 240 240 260 Overloaded Moves . | . . . . . . Propulsion Burnouts . | . . . . . . Robots Hopped . | . . . . . . Cave-ins Triggered . | . . . . . . Exploration Rate (%) 30 | 2 53 18 41 45 21 Regions Visited 5 Branch Regions 1 Pre-discovered Areas . | . . . . . . Known Exits Taken 4 | . 1 1 1 1 . Unknown Exits Taken 1 | 1 . . . . . Scrap Searched 1 | . . 1 . . . Spaces Dug . | . . . . . . Terrain Destroyed 91 | . . 38 9 28 16 Melee . | . . . . . . Projectile 1 | . . . . . 1 AOE 90 | . . 38 9 28 15 Terrain Rammed . | . . . . . . Walls Destroyed . | . . . . . . Machines Disabled . | . . . . . . Actions | -11 -10 -10 -9 -8 -7 --------- Run | Yrd Mat Min Mat Mat Fac Total 3201 | 5 352 47 637 792 1368 Wait 860 | 2 17 . 72 143 626 Move 1944 | . 306 34 493 487 624 Hop . | . . . . . . Pick Up 82 | . 8 1 26 29 18 Fast Attach 3 | . 1 . . 1 1 Attach 31 | . 5 . 3 7 16 Detach . | . . . . . . Swap 38 | 3 2 1 13 14 5 Drop 48 | . 5 . 6 32 5 Fire 184 | . 8 10 24 79 63 Melee . | . . . . . . Ram . | . . . . . . Kick . | . . . . . . Crush 1 | . . 1 . . . Escape Stasis 8 | . . . . . 8 Rewire 2 | . . . . . 2 Trap . | . . . . . . Miscellaneous . | . . . . . . Route ------- -11/Scrapyard -10/Materials (discovered 2 exits: *Mat / *Min) -10/Mines -9/Materials (discovered 2 exits: *Mat / *Min) -8/Materials -7/Factory History --------- Turn | Location | Event 8 | -11/Scrapyard | Discovered new exit (range 0) 8 | -11/Scrapyard | Entered Materials 126 | -10/Materials | Discovered new exit (range 13) 164 | -10/Materials | Identified exit to Materials 336 | -10/Materials | Build established: Mutant 488 | -10/Materials | Discovered new exit (range 10) 579 | -10/Materials | Identified exit to Mines 582 | -10/Materials | Entered Mines 583 | -10/Mines | Assembled infested the area 621 | -10/Mines | Discovered exit to Materials (range 12) 724 | -10/Mines | Entered Materials 724 | -9/Materials | Evolved 2 slots: Propulsion x2 1460 | -9/Materials | Discovered new exit (range 15) 1547 | -9/Materials | Identified exit to Mines 1714 | -9/Materials | Repaired Grenade Launcher 1741 | -9/Materials | Repaired Lgt. Treads 1861 | -9/Materials | Discovered new exit (range 12) 1902 | -9/Materials | Identified exit to Materials 2004 | -9/Materials | Entered another Materials area 2004 | -8/Materials | Evolved 2 slots: Utility x2 2767 | -8/Materials | Build established: Hacker-Mutant 3125 | -8/Materials | Core integrity fell below 50% 3230 | -8/Materials | Discovered new exit (range 15) 3237 | -8/Materials | Lost 3 parts (1p2w) 3248 | -8/Materials | Identified exit to Factory 3249 | -8/Materials | Entered Factory 3249 | -7/Factory | Evolved 2 slots: Utility x2 3483 | -7/Factory | Fabricated Imp. Weapon Cycler (x2) 3804 | -7/Factory | Build established: Hacker-Skirmisher 4078 | -7/Factory | Garrison activated, responded to threat 4137 | -7/Factory | Lost 4 parts (2n2w) 4930 | -7/Factory | Cargo convoy interrupted 4949 | -7/Factory | Core integrity fell below 50% 4958 | -7/Factory | Core integrity fell below 20% 4964 | -7/Factory | Destroyed by H-55 Commando with Gauss Rifle Last Messages --------------- 04955_ K-01 Serf collects debris. 04956_ R-06 Scavenger collects Wheel. 04956_ U-05 Engineer builds a Wall. 04956_ Penetrated by Slug. 04956_ U-05 Engineer lays Concrete. 04957_ P-60 Hacker resets I-36 Angel, system corruption cleaned. 04957_ K-01 Serf collects debris. 04958_ R-06 Scavenger collects Welding Torch. 04958_ U-05 Engineer lays Concrete. 04959_ K-01 Serf collects debris. 04960_ R-06 Scavenger collects Terrain Scanner. 04960_ U-05 Engineer builds a Wall. 04961_ Adv. Treads destroyed. 04962_ U-05 Engineer lays Concrete. 04963_ Penetrated by Slug. 04963_ Acquired Lgt. Treads. 04963_ Penetrated by Slug. 04963_ U-05 Engineer lays Concrete. 04964_ Penetrated by Slug. Map ----- +----------------------------------------------------+ | ????????????????????????????#???????????????????? | | ????????????????????????????# ??????????????????? | | ????????????????????????????# ?????????????????? | | ????????????????????????????# ?????????????????? | | ????????????????????????????# ????????????????? | | ????????????????????????????# ????????????????# | | ????????????????????????????#^ ^ ???????????????# | | ????????????????????????????# ################ | | ????????????????????????????# | | ????????????????????????????# | | ????????????????????????????# """ | | ????????????????????????????# """ | | ????????????????????????????# """ | | ????????????????????????????##########+#### | | ??????????????????????????????# *[ # """ | | ??????????????????????????????# """%""" # """ | | ??????????????????????????????# """=""" # """ | | ??????????????????????????????# """ """ # | | ??????????????????????????????# "" "" # """ | | ??????????????????????##?###### "" "" # """ | | ?????????????????????## ## ## # """ | | ??????????????######## ########+##### | | ??????????????# *u= """ | | ??????????????# p r!! h i """ | | ??????????????# *%*!* m rp % """ | | ??????????????+ @=%* xx k ! | | ??????????????# u h % h k% | | ??????????????# ### ## ##############+##### | | ??????????????# ??# % ?????????????????? | | ???????????? ????# ! #???????????????? | | ?????????? ???????# #???????????????? | | ????????? ?????????# % ! #???????????????? | | ????????????????????# #???????????????? | | ????????????????????# #???????????????? | | ????????????????????# #???????????????? | | ????????????????????# #???????????????? | | ????????????????????# #???????????????? | | ????????????????????# #???????????????? | | ????????????????????# ! #???????????????? | | ????????????????????# #???????????????? | | ????????????????????##############???????????????? | | ?????????????????????????????????????????????????? | | ?????????????????????????????????????????????????? | | ?????????????????????????????????????????????????? | | ?????????????????????????????????????????????????? | | ?????????????????????????????????????????????????? | | ?????????????????????????????????????????????????? | | ?????????????????????????????????????????????????? | | ?????????????????????????????????????????????????? | | ?????????????????????????????????????????????????? | +----------------------------------------------------+ Best States ------------- Heat Dissipation 34 Energy Generation 14 Energy Capacity 250 Matter Stores 300 Matter Capacity 300 Sight Range 20 Robot Scan Range 15 Terrain Scan Density 10 Evasion (%) 55 Recoil Reduction 4 Offensive Hacking 10 Defensive Hacking 10 Item Schematics ----------------- None Robot Schematics ------------------ None Fabricated ------------ Imp. Weapon Cycler | x2 | -7/Factory | Preloaded Alien Tech Used ----------------- None Achievements -------------- None Challenges ------------ None Game ------ Seed CouplerMediumPlatform Manual? 0 Play Time 00:41:35 Cumulative 43.4 hours Start 2024.08.12 @ 09:18:33 End 2024.08.12 @ 09:59:35 Sessions 1 Manual Loads 0 Difficulty Rogue Special Mode None Game No. 59 Rogue 37 Adventurer 20 Explorer 2 Win Type - Total 0 Types 0/0/0/0/0/0/0/0/0 Lore% 34 Gallery% 34 Achievement% 33 Wizard Run 0 Options --------- Layout 1 ASCII 0 Keyboard 0 Movement Numpad Keybinds 0 Fullscreen 2 Font 24/Smallcaps Map View 50x35 Zoom Use 0% Tactical HUD 1 Map Filters NONE Filters NONE Steam 1 RUN: e4c9fe71-48dc-437a-8df3-f4b9d3514cb9